 Dungeon Sprint DCSS version 0.30-a0-172-gc5509c9e31 (webtiles) character file.

Game seed: 12395526901730727097

1035 hellse the Martial Artist (level 8, -4/66 HPs)
             Began as a Djinni Warper on Oct 1, 2022.
             Was a Believer of Cheibriados.
             Hit by a large rock thrown by a cyclops (13 damage)
             ... in the Dungeon (Sprint IX: "|||||||||||||||||||||||||||||").
             The game lasted 00:03:04 (645 turns).

hellse the Martial Artist (Djinni Warper)            Turns: 645, Time: 00:03:04

Health: -4/66      AC:  9    Str: 19    XL:     8   Next: 48%
Gold:   0          EV: 12    Int: 23    God:    Cheibriados [**....] SH:  0 Dex: 22

rFire   + + .      SeeInvis .      - Unarmed
rCold   x . .      Faith    .    (no shield)
rNeg    . . .      Spirit   .    k - +2 ring mail
rPois   ∞          Reflect  .    i - +0 helmet
rElec   .          Harm     .    j - +0 cloak
rCorr   .          Rampage  .    (no gloves)
Will    .....      NoTele   +    (boots unavailable)
Stlth   +.........               (no amulet)
HPRegen 0.31/turn                l - +3 ring of strength
MPRegen 0.00/turn                m - +3 ring of dexterity

@: flying, invisible, very slow
A: sickness immunity, fire resistance 2, cold vulnerability 1, float, innate
caster, HP casting, extra vitality 1
a: Renounce Religion, Bend Time


You were in the Dungeon.
You worshipped Cheibriados.
Cheibriados was pleased with you.
You visited 1 branch

Inventory:

Missiles
 c - 7 boomerangs of dispersal (quivered)
Armour
 a - a +0 leather armour
 i - a +0 helmet (worn)
 j - a +0 cloak (worn)
 k - a +2 ring mail (worn)
Jewellery
 l - a +3 ring of strength (left hand)
 m - a +3 ring of dexterity (right hand)
Wands
 h - a wand of roots (8)
Scrolls
 b - 3 scrolls of blinking
Potions
 d - 4 potions of curing
 e - 3 potions of heal wounds
 f - a potion of haste


   Skills:
 + Level 8.7 Fighting
 - Level 0.7 Throwing
 + Level 3.1 Armour
 - Level 2.1 Dodging
 + Level 10.8 Unarmed Combat
 - Level 8.8 Spellcasting


You had 3 spell levels left.
You knew the following spells:

 Your Spells              Type           Power      Damage    Failure   Level
a - Blink                 Tloc           100%       N/A       1%          2
b - Lesser Beckoning      Tloc           50%        N/A       1%          3
c - Gell's Gravitas       Tloc           50%        N/A       1%          3
d - Teleport Other        Tloc           50%        N/A       1%          3
e - Manifold Assault      Tloc           50%        N/A       2%          4
f - Magic Dart            Conj           100%       1d8       1%          1
g - Static Discharge      Conj/Air       100%       2-7/arc   1%          2
h - Call Canine Familiar  Summ           50%        N/A       1%          3
Your spell library was empty.

Dungeon Overview and Level Annotations

Branches:
Dungeon (1/1)

Altars:
Cheibriados
Dithmenos
Elyvilon
Fedhas
Gozag
Hepliaklqana
Makhleb
Nemelex Xobeh
Okawaru
Qazlal
Ru
Trog
Uskayaw
Wu Jian
Xom
Yredelemnul
Zin
The Shining One
Jiyva
Lugonu


Innate Abilities, Weirdness & Mutations

You are immune to sickness and miasma.
You are immune to poison.
Your flesh is very heat resistant. (rF++)
You are vulnerable to cold. (rC-)
You float through the air rather than walking.
You learn spells naturally, not from books.
Your magical power is your life essence.
You have superior vitality. (+4 MHP)


Message History

You punch the fire elemental! Your punch misses the fire elemental.
The fire elemental is severely damaged.
The fire elemental barely misses you.
You closely miss the fire elemental.
The fire elemental is severely damaged.
The fire elemental misses you.
You hit the fire elemental but do no damage.
The fire elemental is heavily damaged.
The fire elemental hits you. The fire elemental burns you! You resist.
* * * LOW HITPOINT WARNING * * *
The deep elf pyromancer casts a spell.
The deep elf pyromancer blinks!
You barely miss the fire elemental.
The fire elemental is heavily damaged.
The fire elemental hits you. The fire elemental burns you! You resist.
* * * LOW HITPOINT WARNING * * *
You hit the fire elemental.
The fire elemental is severely damaged.
The fire elemental barely misses you.
You hit the fire elemental.
You punch the fire elemental, but do no damage.
The fire elemental is almost destroyed.
The fire elemental hits you. The fire elemental burns you! You resist.
* * * LOW HITPOINT WARNING * * *
Okay, then.
Okay, then.
You fade into invisibility!
The fire elemental hits you. The fire elemental burns you! You resist.
* * * LOW HITPOINT WARNING * * *
You pummel the fire elemental!!
You destroy the fire elemental!
The fire elemental disappears in a puff of smoke!
Unknown command.
Unknown command.
You reach down and close the door, pushing everything out of the way.
A cyclops opens the door.
The cyclops throws a large rock.
The large rock hits you.
* * * LOW HITPOINT WARNING * * *
The cyclops throws a large rock.
The large rock hits you!
You die... ▓▓▓▓▓▓▓▓▓▓▓▓▓▓▓▓▓▓▓▓▓▓▓▓▓▓▓▓▓▓▓▓▓ uD..§..e.C[uDC..@.)?!'___________ ▓▓▓▓▓▓▓▓▓▓▓▓▓▓▓▓▓▓▓▓▓▓▓▓▓▓▓▓▓▓▓▓▓

You could see a seven-headed hydra (unable to see you), a brown ugly thing (unable to see you) and 2 cyclopes.

Vanquished Creatures
  A tengu conjurer (D)
  A shadow (D)
  2 yaks (D)
  A vampire mosquito (D)
  An ogre (D)
  A phantom (D)
  An iguana (D)
  2 orc wizards (D)
  A gnoll (D)
  2 dart slugs (D)
  An orc (D)
  An endoplasm (D)
  A giant cockroach (D)
  A frilled lizard (D)
17 creatures vanquished.

Notes
Turn   | Place    | Note
-------+----------+-------------------------------------------
     0 | D        | hellse the Djinni Warper began the quest for the Orb.
     0 | D        | hellse set off with the following spells memorised: Blink,
                  | Lesser Beckoning, Gell's Gravitas, Teleport Other, Manifold
                  | Assault.
     0 | D        | Reached XP level 1. HP: 18/18 MP: 0/0
     8 | D        | Reached skill level 3 in Unarmed Combat
    14 | D        | Reached skill level 4 in Unarmed Combat
    14 | D        | Reached XP level 2. HP: 19/23 MP: 0/0
   144 | D        | Noticed a phantom
   144 | D        | Noticed an ogre
   149 | D        | Killed an ogre
   150 | D        | Reached skill level 8 in Unarmed Combat
   150 | D        | Reached XP level 3. HP: 27/28 MP: 0/0
   150 | D        | Learned a level 1 spell: Magic Dart
   150 | D        | Reached XP level 4. HP: 31/33 MP: 0/0
   159 | D        | Killed a phantom
   160 | D        | Reached skill level 9 in Unarmed Combat
   160 | D        | Reached XP level 5. HP: 36/38 MP: 0/0
   160 | D        | Learned a level 2 spell: Static Discharge
   165 | D        | Reached skill level 10 in Unarmed Combat
   172 | D        | Reached XP level 6. HP: 12/43 MP: 0/0
   295 | D        | Found a snail-covered altar of Cheibriados.
   295 | D        | Found a shadowy altar of Dithmenos.
   295 | D        | Found a white marble altar of Elyvilon.
   295 | D        | Found a blossoming altar of Fedhas.
   295 | D        | Found an opulent altar of Gozag.
   296 | D        | Found a hazy altar of Hepliaklqana.
   297 | D        | Found a viscous altar of Jiyva.
   299 | D        | Found a corrupted altar of Lugonu.
   300 | D        | Found a burning altar of Makhleb.
   301 | D        | Found a sparkling altar of Nemelex Xobeh.
   302 | D        | Found an iron altar of Okawaru.
   303 | D        | Found a stormy altar of Qazlal.
   304 | D        | Found a sacrificial altar of Ru.
   306 | D        | Found a bloodstained altar of Trog.
   307 | D        | Found a hide-covered altar of Uskayaw.
   309 | D        | Found an ornate altar of the Wu Jian Council.
   310 | D        | Found a shimmering altar of Xom.
   311 | D        | Found a basalt altar of Yredelemnul.
   312 | D        | Found a glowing silver altar of Zin.
   313 | D        | Found a glowing golden altar of the Shining One.
   337 | D        | Became a worshipper of Cheibriados the Contemplative
   409 | D        | Noticed a shadow
   409 | D        | Noticed a yak
   409 | D        | Noticed a yak
   409 | D        | Noticed a vampire mosquito
   427 | D        | Killed a vampire mosquito
   427 | D        | Reached * piety under Cheibriados
   438 | D        | Reached XP level 7. HP: 42/59 MP: 0/0
   438 | D        | Learned a level 3 spell: Call Canine Familiar
   443 | D        | Killed a yak
   443 | D        | Reached ** piety under Cheibriados
   450 | D        | Killed a yak
   452 | D        | Killed a shadow
   453 | D        | Reached XP level 8. HP: 17/65 MP: 0/0
   611 | D        | Noticed a cyclops
   611 | D        | Noticed a brown ugly thing
   611 | D        | Noticed a seven-headed hydra
   611 | D        | Noticed a tengu conjurer
   611 | D        | Noticed a deep elf pyromancer
   611 | D        | Noticed a cyclops
   620 | D        | Killed a tengu conjurer
   621 | D        | Noticed a fire elemental
   645 | D        | Hit by a large rock thrown by a cyclops

Illustrated notes

Levels and vault maps discovered:
D:        linesprint [early_d, line_temple, items_1, d_10, items_2, lair_1,
          lair_end, items_3, orc_1, orc_end, items_4, d_15, swamp_1, shoals_1,
          snake_1, spider_1, d_20, vaults_1, items_5, swamp_end, shoals_end,
          snake_end, spider_end, vaults_end, d_27, items_6, zot_1, zot_end,
          crypt_end, forest_end, elf_end, slime_end, tomb_end, abyss_end,
          pan_hell_end]

Skill      XL: |  1  2  3  4  5  6  7  8 |
---------------+-------------------------+-----
Unarmed Combat | 4 8 9 10 | 10.8
Spellcasting   | 4 8 |  8.8
Fighting       | 8 |  8.7
Armour         | 3 |  3.1
Throwing       | |  0.7
Dodging        | |  2.1

Action                   |  1- 3 |  4- 6 |  7- 9 || total
-------------------------+-------+-------+-------++-------
Melee: Unarmed           |    25 |    44 |    37 ||   106
       Punch             |     1 |     1 |     2 ||     4
 Cast: Manifold Assault  |       |       |     7 ||     7
Evoke: Wand              |       |     1 |     1 ||     2
  Use: Potion            |     1 |     1 |     1 ||     3
Armor: Leather armour    |     4 |     1 |       ||     5
       Ring mail         |       |     9 |    20 ||    29
Dodge: Dodged            |     8 |    12 |    21 ||    41

Table legend: (Time is in decaauts)
 A = Elapsed time spent in this place.
 B = Non-inter-level travel time spent in this place.
 C = Inter-level travel time spent in this place.
 D = Time resting spent in this place.
 E = Time spent auto-exploring this place.
 F = Levels seen in this place.
 G = Mean time per level.
                   A        B        C        D        E       F      G
               +--------+--------+--------+--------+--------+-----+--------+
         Total |    654 |    654 |      0 |    389 |     29 |   1 |  654.0 |
       Dungeon |    654 |    654 |      0 |    389 |     29 |   1 |  654.0 |
               +--------+--------+--------+--------+--------+-----+--------+

Top non-repeatable levels by time:
       D: 654 daAuts
